Match 36599498
Unlisted

Match 36599498
End
Construct Section Command Post
Selects Australian Defense Battlegroup
Selects Australian Light Infantry Section
Australian Light Infantry Section
Dingo Light Scout Car
Australian Light Infantry Section
Australian Light Infantry Section
Selects 2-pounder Anti-tank Gun Team
2-pounder Anti-tank Gun Team
Construct Platoon Command Post
Vickers Machine Gun Team
Construct Company Command Post
Australian Light Infantry Section
Selects Vehicle Over Repair
Crusader II Medium Tank
Crusader II Medium Tank
Selects CMP 15cwt Supply Run
Selects Reinforced Resource Caches
Armored Vehicle Training
Royal Engineer Section
Foot Guards Section
Selects Charged Creeping Barrage
Castellan
Makak
八坂真崎
OMJimas
0
0

Comments sign in to comment!

No comments posted yet!